 Dungeon Crawl Stone Soup version 0.24-a0-525-g9231cdcba1 (webtiles) character file.

Game seed: 8017335871411469523

2181 Carillon the Digger (level 9, -4/52 HPs)
             Began as a Gargoyle Earth Elementalist on Aug 1, 2019.
             Slain by an orc warrior
             ... wielding a +0 mace
              (13 damage)
             ... on level 6 of the Dungeon.
             The game lasted 00:39:03 (6664 turns).

Carillon the Digger (Gargoyle Earth Elementalist)   Turns: 6664, Time: 00:39:04

Health: -4/52      AC:  8    Str: 15    XL:     9   Next: 33%
Magic:  11/15      EV: 13    Int: 19    God:
Gold:   254        SH:  0    Dex: 10    Spells: 6/17 levels left

rFire    . . .     SeeInvis .   a - +2 whip (venom)
rCold    . . .     Gourm    .   (no shield)
rNeg     + . .     Faith    .   e - +0 robe (curse)
rPois    ∞         Spirit   .   (no helmet)
rElec    +         Reflect  .   (no cloak)
rCorr    .         Harm     .   (no gloves)
MR       .....                  (no boots)
Stlth    +.........             (no amulet)
HPRegen  0.17/turn              l - ring of wizardry
MPRegen  0.14/turn              k - +3 ring of strength

@: confused
A: negative energy resistance 1, electricity resistance, unbreathing,
petrification resistance, rot immunity, AC +6
a: no special abilities


You were on level 6 of the Dungeon.
You were near starving.

You visited 2 branches of the dungeon, and saw 7 of its levels.

You collected 254 gold pieces.

Inventory:

Hand Weapons
 a - a +2 whip of venom (weapon)
Armour
 c - a +1 robe
 e - a cursed +0 robe (worn)
 n - a +0 shield
Jewellery
 k - a +3 ring of strength (right hand)
 l - a ring of wizardry (left hand)
 t - a +3 ring of intelligence {unknown}
Wands
 b - a wand of enslavement (9)
Scrolls
 d - a scroll of enchant weapon
 j - 4 scrolls of amnesia
 p - a scroll of enchant armour
 s - a scroll of immolation
Potions
 f - a potion of cancellation
 g - a potion of resistance
 h - 2 potions of curing
 m - 3 potions of brilliance
 o - 2 potions of flight
 q - 2 potions of haste
Comestibles
 i - 2 rations


   Skills:
 + Level 4.0 Fighting
 + Level 3.8 Maces & Flails
 + Level 3.8 Armour
 + Level 3.4 Dodging
 - Level 2.1 Stealth
 - Level 4.0 Shields
 + Level 4.6 Spellcasting
 + Level 4.4 Conjurations
 - Level 2.0 Transmutations
 + Level 6.7 Earth Magic


You had 6 spell levels left.
You knew the following spells:

 Your Spells              Type           Power        Failure   Level  Hunger
a - Sandblast             Erth           ####..       1%          1    None
b - Stone Arrow           Conj/Erth      ####..       1%          3    ###....
c - Lee's Rapid Deconstr  Erth           ####......   9%          5    ######.
d - Passwall              Tmut/Erth      ###.....     1%          2    #......

Your spell library contained the following spells:

 Spells                   Type           Power        Failure   Level  Hunger
 Petrify                  Tmut/Erth      ###.....     9%          4    ####...


Dungeon Overview and Level Annotations

Branches:
Dungeon (6/15)             Temple (1/1) D:4

Altars:
Ashenzari
Cheibriados
Dithmenos
Elyvilon
Fedhas
Hepliaklqana
Kikubaaqudgha
Makhleb
Nemelex Xobeh
Okawaru
Qazlal
Ru
Sif Muna
Trog
Uskayaw
Wu Jian
Xom
Yredelemnul
Zin
The Shining One


Innate Abilities, Weirdness & Mutations

You are resistant to torment.
Your stone body is resilient. (AC +6)
You are immune to poison.
You resist negative energy. (rN+)
You are resistant to electric shocks. (rElec)
You can survive without breathing.
You are immune to petrification.
You are immune to rotting.


Message History

Beogh smites you!
* * * LOW HITPOINT WARNING * * *
Something hits you but does no damage. The bullfrog hits you.
* * * LOW HITPOINT WARNING * * *
It was a potion of cancellation.
You feel magically purged.
You kill the bullfrog!
Something hits you but does no damage.
The orc wizard gestures wildly while chanting.
The orc wizard seems to speed up.
It was a potion of ambrosia.
You are confused.
You feel invigorated. Something hits you.
* * * LOW HITPOINT WARNING * * *
The orc warrior barely misses you.
The orc wizard casts a spell.
The orc wizard blinks!
You barely miss the orc warrior.
The orc wizard hits you but does no damage.
The orc warrior hits you with a +0 mace!
You die...

##...........
#...........
#.§.........
#...........
##..........
#........##
##......## ##ooo###
#@### ##.# #.## ...
.... #..#
#...........
##.###...........
#..# ...........
#..###..........
.......#.............
....####.............


You could see an orc warrior, an orc priest and an orc wizard.

Vanquished Creatures
  Pikel (D:5)
  Sigmund (D:5)
  Eustachio (D:5)
  A sky beast (D:5)
  A slave (D:5)
  An ice beast (D:5)
  2 ogres (D:4)
  2 centaurs (D:5)
  A big kobold (D:4)
  2 bullfrogs (D:6)
  A scorpion (D:5)
  A crimson imp (D:5)
  A hound (D:5)
  8 orc priests
  A bullfrog skeleton (D:5)
  3 orc wizards
  Jessica (D:2)
  2 worker ants
  5 adders
  4 gnolls (D:2)
  An ooze (D:3)
  3 adder skeletons
  A worm (D:3)
  5 dart slugs
  7 leopard geckos
  10 orcs
  A giant cockroach (D:1)
  9 goblins
  8 hobgoblins
  A jackal (D:5)
  8 kobolds
  4 quokkas
  A ball python (D:2)
  7 bats
  6 frilled lizards
  A leopard gecko skeleton (D:4)
  A quokka skeleton (D:4)
  6 rats
120 creatures vanquished.

Vanquished Creatures (others)
  An orc (D:5)
  A leopard gecko zombie (D:5)
2 creatures vanquished.

Grand Total: 122 creatures vanquished

Notes
Turn   | Place    | Note
-------+----------+-------------------------------------------
     0 | D:1      | Carillon the Gargoyle Earth Elementalist began the quest
                  | for the Orb.
     0 | D:1      | Reached XP level 1. HP: 10/10 MP: 3/3
   117 | D:1      | Reached XP level 2. HP: 15/15 MP: 1/5
   122 | D:1      | Learned a level 2 spell: Passwall
   304 | D:1      | Reached skill level 1 in Maces & Flails
   308 | D:1      | Reached skill level 1 in Transmutations
   317 | D:1      | Reached skill level 4 in Earth Magic
   377 | D:1      | Reached XP level 3. HP: 16/19 MP: 2/6
   601 | D:1      | Learned a level 3 spell: Stone Arrow
   718 | D:2      | Found a snail-covered altar of Cheibriados.
   836 | D:2      | Reached skill level 1 in Shields
   836 | D:2      | Reached XP level 4. HP: 4/24 MP: 1/7
  1211 | D:2      | Found a shimmering altar of Xom.
  1215 | D:2      | Noticed Jessica
  1221 | D:2      | Killed Jessica
  1250 | D:2      | Reached skill level 1 in Conjurations
  1782 | D:3      | Reached XP level 5. HP: 28/28 MP: 6/9
  1977 | D:3      | Found a shattered altar of Ashenzari.
  2490 | D:3      | Found a sacrificial altar of Ru.
  2490 | D:3      | Found a sparkling altar of Nemelex Xobeh.
  2601 | D:3      | Found a hide-covered altar of Uskayaw.
  2846 | D:3      | Reached XP level 6. HP: 6/32 MP: 7/10
  3227 | D:4      | Found a staircase to the Ecumenical Temple.
  3255 | Temple   | Entered the Ecumenical Temple
  3671 | D:4      | Reached skill level 5 in Earth Magic
  3697 | D:4      | Reached skill level 1 in Fighting
  3697 | D:4      | Reached skill level 1 in Armour
  3697 | D:4      | Reached XP level 7. HP: 35/38 MP: 1/11
  3705 | D:4      | Learned a level 5 spell: Lee's Rapid Deconstruction
  4340 | D:5      | Entered Level 5 of the Dungeon
  4372 | D:5      | Noticed Eustachio
  4628 | D:5      | Reached XP level 8. HP: 44/44 MP: 8/13
  4908 | D:5      | You fall into a shaft and drop 1 floor!
  5072 | D:5      | You fall into a shaft and drop 1 floor!
  5383 | D:5      | Reached skill level 6 in Earth Magic
  5548 | D:5      | Noticed Pikel
  5566 | D:5      | Killed Pikel
  5566 | D:5      | Reached XP level 9. HP: 26/52 MP: 2/15
  6083 | D:5      | Noticed Sigmund
  6087 | D:5      | Killed Sigmund
  6308 | D:5      | Found a deep blue altar of Sif Muna.
  6464 | D:5      | Killed Eustachio
  6664 | D:6      | Slain by an orc warrior

Levels and vault maps discovered:
D:1:      ncdulo_wetmaze, layout_rooms, chequers_jeans
D:2:      layout_loops_ring, kennysheep_slug_shrine, dk_noncrumbling_2,
          brannock_xom_greatest_gift, uniq_jessica
D:3:      layout_basic, evilmike_ruin_ashenzari,
          gammafunk_temple_overflow_elements, lemuel_round_altar
D:4:      layout_basic, minmay_temple_entry_slanted
D:5:      layout_loops_corners, marbit_many_paths, first_ration, uniq_sigmund,
          uniq_eustachio, uniq_pikel
D:6:      layout_cave_pods, grunt_gozag_statues
Temple:   jpeg_temple_clearing

Skill      XL: |  1  2  3  4  5  6  7  8  9 |
---------------+----------------------------+-----
Maces & Flails | 1 2 3 |  3.8
Transmutations | 1 2 |  2.0
Earth Magic    | 4 5 6 |  6.7
Shields        | 1 3 4 |  4.0
Conjurations   | 1 2 4 |  4.4
Spellcasting   | 3 4 |  4.6
Fighting       | 1 2 3 4 |  4.0
Armour         | 1 2 3 |  3.8
Dodging        | 2 3 |  3.4
Stealth        | |  2.1

Action                   |  1- 3 |  4- 6 |  7- 9 || total
-------------------------+-------+-------+-------++-------
Melee: Club              |    66 |    27 |       ||    93
       Unarmed           |     4 |       |       ||     4
       Whip              |       |    26 |   120 ||   146
 Cast: Sandblast         |    25 |    51 |    30 ||   106
       Stone Arrow       |       |     6 |    30 ||    36
       Lee's Rapid Decon |       |       |     7 ||     7
  Use: Scroll            |     3 |    10 |     2 ||    15
       Potion            |     1 |     4 |     3 ||     8
 Stab: Sleeping          |     2 |     2 |     1 ||     5
  Eat: Chunk             |       |     6 |     9 ||    15
       Ration            |       |     1 |     1 ||     2
Armor: Robe              |    29 |    18 |    38 ||    85
Dodge: Dodged            |    65 |    44 |    72 ||   181

Table legend:
 A = Non-vault XP
 B = Vault XP
 C = Vault XP percentage of total XP
 D = Non-vault monster count
 E = Vault monster count
 F = Vault count percentage of total count
                 A         B        C        D         E       F
            +---------+---------+-------+---------+---------+-------
      Total |    2013 |    1103 |  35.4 |     113 |       6 |   5.0
            +---------+---------+-------+---------+---------+-------
        D:1 |      37 |       0 |   0.0 |      20 |       0 |   0.0
        D:2 |      84 |      41 |  32.8 |      11 |       2 |  15.4
        D:3 |     175 |       0 |   0.0 |      30 |       0 |   0.0
        D:4 |     543 |       0 |   0.0 |      19 |       0 |   0.0
        D:5 |     899 |    1062 |  54.2 |      23 |       4 |  14.8
        D:6 |     269 |       0 |   0.0 |       8 |       0 |   0.0
     Temple |       6 |       0 |   0.0 |       2 |       0 |   0.0
            +---------+---------+-------+---------+---------+-------
